[Event "27th 4NCL Congress Open 2022"]
[Site "Harrogate"]
[Date "2022.01.21"]
[Round "1.9"]
[White "Bradbury, Neil H"]
[Black "Varley, Joe"]
[Result "1/2-1/2"]
[ECO "D94"]
[WhiteElo "2241"]
[BlackElo "1832"]
[Annotator "ChessBase"]
[PlyCount "59"]
[EventDate "2022.01.21"]
[EventType "swiss"]
[EventCountry "ENG"]
[SourceTitle "playchess.com"]
[Source "ChessBase"]
[SourceQuality "1"]
[TimeControl "5400+30"]

1. d4 Nf6 2. c4 g6 3. Nc3 d5 4. e3 Bg7 5. Nf3 O-O 6. cxd5 Nxd5 7. Bc4 Nb6 8. Bb3 Na6 9. a4 c5 10. a5 Nd7 11. O-O cxd4 12. exd4 Nf6 13. Ne5 Nc7 14. Be3 Be6 15. Bxe6 Nxe6 16. a6 bxa6 17. Rxa6 Nc7 18. Ra3 Qd6 19. Qf3 Nfd5 20. Ne4 Qb4 21. Nd3 Qb6 22. Nec5 Rfd8 23. Rfa1 a5 24. g3 Nb5 25. Ra4 Ra7 26. Kg2 Nbc7 27. b4 Rda8 28. bxa5 Rxa5 29. Nd7 Qb5 30. Rxa5 1/2-1/2

[Event "27th 4NCL Congress Open 2022"]
[Site "Harrogate"]
[Date "2022.01.21"]
[Round "1.11"]
[White "Sedykh, Mikhail"]
[Black "Hymer, Barry"]
[Result "1/2-1/2"]
[ECO "A54"]
[WhiteElo "2122"]
[BlackElo "1896"]
[Annotator "ChessBase"]
[PlyCount "41"]
[EventDate "2022.01.21"]
[EventType "swiss"]
[EventCountry "ENG"]
[SourceTitle "playchess.com"]
[Source "ChessBase"]
[SourceQuality "1"]
[TimeControl "5400+30"]

1. d4 Nf6 2. c4 d6 3. Nf3 Nbd7 4. Nc3 e5 5. g3 Be7 6. Bg2 O-O 7. O-O c6 8. Qc2 a6 9. Rd1 Qc7 10. Nh4 Re8 11. Nf5 Bf8 12. b3 Rb8 13. Ba3 exd4 14. Rxd4 Nc5 15. b4 g6 16. bxc5 dxc5 17. Rf4 Nh5 18. Rg4 Nf6 19. Rf4 Nh5 20. Rg4 Nf6 21. Rf4 1/2-1/2

[Event "27th 4NCL Congress Open 2022"]
[Site "Harrogate"]
[Date "2022.01.21"]
[Round "1.14"]
[White "Pal, Rohan"]
[Black "Smith, Andrew Philip"]
[Result "1/2-1/2"]
[ECO "C41"]
[WhiteElo "1817"]
[BlackElo "2112"]
[Annotator "ChessBase"]
[PlyCount "67"]
[EventDate "2022.01.21"]
[EventType "swiss"]
[EventCountry "ENG"]
[SourceTitle "playchess.com"]
[Source "ChessBase"]
[SourceQuality "1"]
[TimeControl "5400+30"]

1. e4 e5 2. Nf3 d6 3. d4 Nd7 4. Bc4 Qe7 5. Ng5 Nh6 6. Nc3 c6 7. d5 c5 8. O-O g6 9. Be3 Bg7 10. f3 O-O 11. Qd2 Nb6 12. Be2 f5 13. Ne6 Bxe6 14. Bg5 Bf6 15. Bxh6 Bd7 16. Bxf8 Rxf8 17. g3 Bg5 18. Qe1 a6 19. Nd1 h5 20. Qa5 Na8 21. Nf2 Be3 22. Kg2 Qg5 23. Nd1 Bd2 24. Qa3 f4 25. Kf2 fxg3+ 26. hxg3 h4 27. Rg1 hxg3+ 28. Rxg3 Be1+ 29. Kxe1 Qxg3+ 30. Kd2 Nc7 31. c4 Ne8 32. Qe3 Kg7 33. Nf2 Qf4 34. Qxf4 1/2-1/2

[Event "27th 4NCL Congress Open 2022"]
[Site "Harrogate"]
[Date "2022.01.21"]
[Round "1.15"]
[White "Jarmany, John"]
[Black "Miller, George"]
[Result "1-0"]
[ECO "D32"]
[WhiteElo "2126"]
[BlackElo "1796"]
[Annotator "ChessBase"]
[PlyCount "51"]
[EventDate "2022.01.21"]
[EventType "swiss"]
[EventCountry "ENG"]
[SourceTitle "playchess.com"]
[Source "ChessBase"]
[SourceQuality "1"]
[TimeControl "5400+30"]

1. d4 d5 2. c4 e6 3. Nc3 c5 4. cxd5 exd5 5. e4 dxe4 6. Bc4 Bf5 7. Qb3 Bg6 8. Qxb7 Nd7 9. Nb5 Rc8 10. Bf4 cxd4 11. Nc7+ Rxc7 12. Bxc7 Bb4+ 13. Kf1 Nc5 14. Bb5+ Kf8 15. Qc6 Ne7 16. Qxc5 Bxc5 17. Bxd8 d3 18. Rc1 Bd6 19. Ne2 Nf5 20. Rc8 f6 21. Nc3 Nd4 22. Bc7+ Ke7 23. Bxd6+ Kxd6 24. Rxh8 Nxb5 25. Nxb5+ Kc5 26. Nc3 1-0

[Event "27th 4NCL Congress Open 2022"]
[Site "Harrogate"]
[Date "2022.01.21"]
[Round "1.16"]
[White "De Sousa Muachikape, Jael"]
[Black "Burnett, Andrew"]
[Result "0-1"]
[ECO "A56"]
[WhiteElo "1841"]
[BlackElo "2183"]
[Annotator "RC"]
[PlyCount "62"]
[EventDate "2022.01.21"]
[EventType "swiss"]
[EventCountry "ENG"]
[SourceTitle "playchess.com"]
[Source "ChessBase"]
[SourceQuality "1"]
[TimeControl "5400+30"]

1. d4 Nf6 2. c4 c5 3. d5 e5 4. Nc3 d6 5. e4 Nbd7 6. Nf3 g6 7. Be2 a6 8. Bg5 h6 9. Bd2 Bg7 10. Qc2 O-O 11. h3 Nh5 12. Qc1 Kh7 13. g4 Nf4 14. Bxf4 exf4 15. g5 Ne5 16. Qxf4 Nxf3+ 17. Qxf3 Qxg5 18. h4 Qe5 19. Rg1 Bd7 20. Rb1 b5 21. Bd3 bxc4 22. Bxc4 Rab8 23. Rg3 f5 24. Bxa6 fxe4 25. Qg2 Rf3 26. Nd1 Rxg3 27. fxg3 Qxd5 28. Qc2 Qe5 29. Kf2 e3+ 30. Nxe3 Rf8+ 31. Ke2 Bg4+ 0-1

[Event "27th 4NCL Congress Open 2022"]
[Site "Harrogate"]
[Date "2022.01.21"]
[Round "1.17"]
[White "Longson, Sarah N"]
[Black "Gordon, Sean"]
[Result "0-1"]
[ECO "B24"]
[WhiteElo "2036"]
[BlackElo "2039"]
[Annotator "ChessBase"]
[PlyCount "112"]
[EventDate "2022.01.21"]
[EventType "swiss"]
[EventCountry "ENG"]
[SourceTitle "playchess.com"]
[Source "ChessBase"]
[SourceQuality "1"]
[TimeControl "5400+30"]

1. e4 c5 2. Nc3 Nc6 3. g3 g6 4. Bg2 Bg7 5. d3 e6 6. Be3 b6 7. f4 Nge7 8. Nge2 Bb7 9. O-O O-O 10. d4 d6 11. Qd2 a6 12. Rad1 Qc7 13. dxc5 dxc5 14. Qd6 Qxd6 15. Rxd6 Rad8 16. Rxd8 Rxd8 17. Na4 Nd4 18. Nxd4 Bxd4 19. Kf2 Nc8 20. Re1 Kf8 21. Nc3 Bxc3 22. bxc3 f5 23. exf5 Bxg2 24. Kxg2 exf5 25. Kf3 Nd6 26. g4 Ne4 27. a4 a5 28. Rb1 Rd6 29. h4 h5 30. g5 Kf7 31. Rb3 Ke6 32. c4 Kd7 33. Bc1 Kc6 34. Rd3 Rxd3+ 35. cxd3 Nc3 36. Bb2 Nxa4 37. Bf6 b5 38. cxb5+ Kxb5 39. Ke3 Nb6 40. Kd2 Nd5 41. Be5 Kb4 42. Bd6 a4 43. d4 Kb3 44. dxc5 Nb4 45. Be5 a3 46. Bc3 a2 47. Be5 Nc6 48. Bf6 Kc4 49. Kc2 Nd4+ 50. Kb2 Kxc5 51. Kxa2 Nf3 52. Kb3 Kd5 53. Kc3 Ke4 54. Be5 Nxh4 55. Bd6 Ng2 56. Kd2 Kf3 0-1

[Event "27th 4NCL Congress Open 2022"]
[Site "Harrogate"]
[Date "2022.01.21"]
[Round "1.18"]
[White "Waterfield, Mark"]
[Black "Ther, Mate"]
[Result "1-0"]
[ECO "C56"]
[WhiteElo "1724"]
[BlackElo "2031"]
[Annotator "ChessBase"]
[PlyCount "99"]
[EventDate "2022.01.21"]
[EventType "swiss"]
[EventCountry "ENG"]
[SourceTitle "playchess.com"]
[Source "ChessBase"]
[SourceQuality "1"]
[TimeControl "5400+30"]

1. e4 e5 2. Nf3 Nc6 3. d4 exd4 4. Bc4 Nf6 5. e5 d5 6. Bb5 Ne4 7. Nxd4 Bc5 8. O-O O-O 9. Nxc6 Qh4 10. Be3 bxc6 11. Bxc6 Rb8 12. Qxd5 Bxe3 13. fxe3 Bf5 14. b3 Rbd8 15. Qa5 Bg6 16. Nc3 Nxc3 17. Qxc3 Qe7 18. Rad1 Qa3 19. Ra1 h6 20. Rf4 Qa6 21. a4 Qe2 22. Rf2 Rd1+ 23. Rxd1 Qxd1+ 24. Rf1 Qxc2 25. Qxc2 Bxc2 26. Bd5 c6 27. Bc4 g6 28. Rf6 Be4 29. e6 fxe6 30. Rxe6 Bd5 31. Bxd5 cxd5 32. Rxg6+ Kh7 33. Rd6 Rb8 34. Rxd5 Rxb3 35. Re5 Ra3 36. a5 Kg6 37. Kf2 Kf6 38. Rh5 Kg6 39. Rb5 Ra1 40. h3 Ra4 41. Kf3 Ra3 42. Rc5 Ra2 43. h4 Ra4 44. g3 Ra1 45. h5+ Kf6 46. e4 Ra2 47. Kg4 Ra1 48. Rc6+ Ke5 49. a6 Kxe4 50. Rxh6 1-0

[Event "27th 4NCL Congress Open 2022"]
[Site "Harrogate"]
[Date "2022.01.21"]
[Round "1.19"]
[White "Stubbs, Oliver"]
[Black "May, Paul"]
[Result "1-0"]
[ECO "B06"]
[WhiteElo "1920"]
[BlackElo "1735"]
[Annotator "ChessBase"]
[PlyCount "69"]
[EventDate "2022.01.21"]
[EventType "swiss"]
[EventCountry "ENG"]
[SourceTitle "playchess.com"]
[Source "ChessBase"]
[SourceQuality "1"]
[TimeControl "5400+30"]

1. d4 g6 2. e4 Bg7 3. Nc3 a6 4. Be3 b5 5. a4 b4 6. Nd5 a5 7. f3 d6 8. Qd2 h6 9. h4 e5 10. dxe5 dxe5 11. O-O-O Ba6 12. Bxa6 Nxa6 13. Ne2 Nf6 14. Ng3 Nxd5 15. Qxd5 Qxd5 16. Rxd5 O-O 17. h5 Kh7 18. hxg6+ fxg6 19. Bxh6 Bxh6+ 20. Kb1 Nb8 21. Rxe5 Nc6 22. Re6 Ra6 23. Nf5 gxf5 24. Rhxh6+ Kg7 25. Rxc6 Rxc6 26. Rxc6 fxe4 27. Rxc7+ Kg6 28. fxe4 Re8 29. Rc6+ Kf7 30. Rc4 Rg8 31. Rc5 Rxg2 32. Rxa5 Rg1+ 33. Ka2 Re1 34. e5 Ke6 35. Rc5 1-0

[Event "27th 4NCL Congress Open 2022"]
[Site "Harrogate"]
[Date "2022.01.21"]
[Round "1.20"]
[White "Bayford, Jim R"]
[Black "Gomez Torres, Richard Daniel"]
[Result "0-1"]
[ECO "C56"]
[WhiteElo "2023"]
[BlackElo "2209"]
[Annotator "RC"]
[PlyCount "64"]
[EventDate "2022.01.21"]
[EventType "swiss"]
[EventCountry "ENG"]
[SourceTitle "playchess.com"]
[Source "ChessBase"]
[SourceQuality "1"]
[TimeControl "5400+30"]

1. e4 e5 2. Nf3 Nc6 3. Bc4 Nf6 4. O-O Nxe4 5. d4 exd4 6. Nxd4 d5 7. Bb3 Be7 8. Bf4 a6 9. Nf3 Be6 10. h3 O-O 11. Nbd2 Nc5 12. Ne5 Nxe5 13. Bxe5 Nxb3 14. axb3 c5 15. Qf3 Qd7 16. Rad1 Rac8 17. Nc4 Qc6 18. Ne3 f6 19. Bg3 Rfd8 20. Nf5 Bf8 21. Ne3 b5 22. Bh4 d4 23. Ng4 Qxf3 24. gxf3 h5 25. Nxf6+ gxf6 26. Bxf6 Rd5 27. Kh1 Rf5 28. Bh4 Rxf3 29. Bg3 h4 30. Bxh4 Rxh3+ 31. Kg2 Rf3 32. Kh1 Rh3+ 0-1

[Event "27th 4NCL Congress Open 2022"]
[Site "Harrogate"]
[Date "2022.01.22"]
[Round "2.8"]
[White "Sowray, Peter J"]
[Black "Waterfield, Mark"]
[Result "1-0"]
[ECO "E06"]
[WhiteElo "2239"]
[BlackElo "1724"]
[Annotator "ChessBase"]
[PlyCount "47"]
[EventDate "2022.01.21"]
[EventType "swiss"]
[EventCountry "ENG"]
[SourceTitle "playchess.com"]
[Source "ChessBase"]
[SourceQuality "1"]
[TimeControl "5400+30"]

1. d4 d5 2. c4 e6 3. Nc3 Nf6 4. Nf3 Be7 5. g3 O-O 6. Bg2 c6 7. O-O b6 8. b3 Bb7 9. Qc2 Nbd7 10. e4 c5 11. exd5 exd5 12. Rd1 dxc4 13. d5 cxb3 14. axb3 Re8 15. d6 Bf8 16. Nb5 Nd5 17. Ng5 N7f6 18. Nc7 Nb4 19. Qc4 Bxg2 20. Nxf7 Bd5 21. Nxd5 Re4 22. Nxf6+ gxf6 23. Nh6+ Kg7 24. Qg8# 1-0

[Event "27th 4NCL Congress Open 2022"]
[Site "Harrogate"]
[Date "2022.01.22"]
[Round "2.9"]
[White "Nicholson, Jim W R"]
[Black "Jones, Steven A"]
[Result "0-1"]
[ECO "A48"]
[WhiteElo "1963"]
[BlackElo "2212"]
[Annotator "ChessBase"]
[PlyCount "120"]
[EventDate "2022.01.21"]
[EventType "swiss"]
[EventCountry "ENG"]
[SourceTitle "playchess.com"]
[Source "ChessBase"]
[SourceQuality "1"]
[TimeControl "5400+30"]

1. d4 Nf6 2. Nf3 g6 3. Bg5 Bg7 4. Nbd2 O-O 5. c3 d6 6. e4 c5 7. dxc5 dxc5 8. Bc4 Nc6 9. Qe2 Qc7 10. O-O Na5 11. Bd3 Be6 12. a4 Rfd8 13. Rfe1 h6 14. Bxf6 exf6 15. Nf1 Qb6 16. Ne3 Rac8 17. Bc4 Nxc4 18. Nxc4 Qc6 19. Nfd2 Qc7 20. Ne3 Rd7 21. Ndc4 Rcd8 22. Rad1 Qc6 23. f3 Qxa4 24. Ra1 Qb5 25. Rxa7 Bxc4 26. Nxc4 Rd3 27. Ne3 Qb6 28. Raa1 Rd2 29. Nc4 Rxe2 30. Nxb6 Rxb2 31. Nd5 f5 32. Reb1 Rxb1+ 33. Rxb1 fxe4 34. fxe4 Re8 35. Rxb7 Rxe4 36. Rc7 Rc4 37. Rc8+ Kh7 38. Rc7 Bxc3 39. Nxc3 Rxc3 40. Rxf7+ Kg8 41. Rf6 Kg7 42. Rc6 Rc1+ 43. Kf2 c4 44. h4 c3 45. g4 c2 46. Kg2 Kf7 47. Kh2 Ke7 48. Kg2 Kd7 49. Rc4 Kd6 50. Rc3 Kd5 51. Rc8 Ke4 52. Rc7 Ke3 53. Re7+ Kf4 54. Rc7 Kxg4 55. Rc4+ Kh5 56. Kh2 Rd1 57. Rxc2 Kxh4 58. Rc6 Rd2+ 59. Kg1 Kh5 60. Rc5+ g5 0-1

[Event "27th 4NCL Congress Open 2022"]
[Site "Harrogate"]
[Date "2022.01.22"]
[Round "2.10"]
[White "Hymer, Barry"]
[Black "Bradbury, Neil H"]
[Result "0-1"]
[ECO "D00"]
[WhiteElo "1896"]
[BlackElo "2241"]
[Annotator "ChessBase"]
[PlyCount "60"]
[EventDate "2022.01.21"]
[EventType "swiss"]
[EventCountry "ENG"]
[SourceTitle "playchess.com"]
[Source "ChessBase"]
[SourceQuality "1"]
[TimeControl "5400+30"]

1. d4 Nf6 2. Nc3 d5 3. Bf4 Bf5 4. f3 e6 5. g4 Bg6 6. h4 h6 7. e3 a6 8. Bd3 Bxd3 9. Qxd3 c5 10. Nge2 Nc6 11. Kf2 c4 12. Qd1 g6 13. e4 dxe4 14. Nxe4 Nxe4+ 15. fxe4 Bg7 16. e5 f6 17. exf6 Qxf6 18. Kg3 O-O-O 19. Be3 Rhf8 20. Rf1 Qe7 21. c3 Qd6+ 22. Bf4 Rxf4 23. Nxf4 g5 24. Qe2 gxf4+ 25. Rxf4 e5 26. Rf7 exd4+ 27. Kh3 Be5 28. cxd4 Qxd4 29. Rc1 Qd3+ 30. Qf3 Qd2 0-1

[Event "27th 4NCL Congress Open 2022"]
[Site "Harrogate"]
[Date "2022.01.22"]
[Round "2.11"]
[White "Varley, Joe"]
[Black "Makkar, Rajat"]
[Result "0-1"]
[ECO "C77"]
[WhiteElo "1832"]
[BlackElo "2260"]
[Annotator "ChessBase"]
[PlyCount "108"]
[EventDate "2022.01.21"]
[EventType "swiss"]
[EventCountry "ENG"]
[SourceTitle "playchess.com"]
[Source "ChessBase"]
[SourceQuality "1"]
[TimeControl "5400+30"]

1. e4 e5 2. Nf3 Nc6 3. Bb5 a6 4. Ba4 Nf6 5. d3 d6 6. c3 g6 7. O-O Bg7 8. Re1 O-O 9. Bg5 h6 10. Bh4 b5 11. Bc2 g5 12. Bg3 Re8 13. a4 Bg4 14. Nbd2 Nd7 15. Nf1 Qf6 16. Ne3 Bxf3 17. Qxf3 Qxf3 18. gxf3 Ne7 19. Red1 c5 20. Kg2 Nf8 21. Ra2 Ne6 22. axb5 axb5 23. Rda1 Rab8 24. Ra7 Kf8 25. Rd7 Red8 26. Raa7 Rxd7 27. Rxd7 Nc8 28. Nf5 Ke8 29. Rxd6 Nxd6 30. Nxd6+ Kf8 31. Bb3 Rb6 32. Nf5 b4 33. Bxe6 Rxe6 34. cxb4 cxb4 35. d4 f6 36. b3 Ra6 37. Kf1 Ra3 38. dxe5 fxe5 39. Nxg7 Kxg7 40. Bxe5+ Kf7 41. f4 Rxb3 42. fxg5 hxg5 43. Ke2 Ke6 44. Bd4 Rh3 45. Kd2 Rxh2 46. Kc2 Rh3 47. Kb2 Rd3 48. Bc5 b3 49. Ka3 Ke5 50. Be7 g4 51. Bc5 Kxe4 52. Bb6 Kf3 53. Kb2 Rd2+ 54. Kxb3 Rxf2 0-1

[Event "27th 4NCL Congress Open 2022"]
[Site "Harrogate"]
[Date "2022.01.22"]
[Round "2.12"]
[White "McKay, Jonathan"]
[Black "Sedykh, Mikhail"]
[Result "1-0"]
[ECO "D36"]
[WhiteElo "1832"]
[BlackElo "2122"]
[Annotator "NA"]
[PlyCount "127"]
[EventDate "2022.01.21"]
[EventType "swiss"]
[EventCountry "ENG"]
[SourceTitle "playchess.com"]
[Source "ChessBase"]
[SourceQuality "1"]
[TimeControl "5400+30"]

1. d4 d5 2. c4 e6 3. Nc3 Nf6 4. cxd5 exd5 5. Bg5 Be7 6. e3 c6 7. Bd3 Nbd7 8. Qc2 O-O 9. Nf3 Re8 10. O-O Nf8 11. h3 Ne4 12. Bf4 Ng5 {[%emt 0:00:38] is the legacy move (12...f5).} 13. Bxg5 Bxg5 14. b4 Be7 15. b5 Bd6 16. bxc6 bxc6 17. e4 Qa5 18. Nd2 {[%emt 0:07:35] [#]} g6 $146 ({Predecessor:} 18... dxe4 19. Bxe4 Bd7 20. Nc4 Qc7 21. Nxd6 Qxd6 {½-½ (21) Khenkin,I (2622)-Dorfman,J (2593) France 2000}) 19. Nb3 Qd8 20. e5 Ba3 21. f4 f5 22. exf6 (22. Nb1 $14 Bb4 23. Qxc6 (23. a3 Be7 $14)) 22... Qxf6 23. f5 gxf5 24. Bxf5 Qg5 $11 25. Na4 Ba6 26. Rf2 Bd6 27. Bg4 Bc8 28. Qxc6 Bxg4 29. Qxd6 Bxh3 30. Nc3 Rad8 31. Qf6 Qxf6 32. Rxf6 Bc8 33. Nc5 Ne6 34. Nxe6 Rxe6 35. Rf5 Red6 36. Rg5+ Kh8 37. Re1 h6 38. Rge5 R6d7 39. Na4 Kg7 40. Nc5 Rf7 41. Rh5 Kg6 42. Ree5 Bf5 43. Rh4 h5 44. Rf4 Bg4 45. Rxf7 Kxf7 46. g3 Rb8 47. Nd3 Rb1+ 48. Kf2 Ra1 49. Nb4 a5 50. Nxd5 Rxa2+ 51. Ke3 Ra3+ 52. Kf4 Rf3+ 53. Ke4 a4 54. Re7+ Kf8 55. Ra7 a3 56. Ke5 Rxg3 57. Nf4 Re3+ 58. Kf6 Ke8 59. d5 h4 60. Kg5 Bd7 61. Kf6 Bb5 62. Ne6 Rf3+ 63. Ke5 h3 64. Kd6 1-0

[Event "27th 4NCL Congress Open 2022"]
[Site "Harrogate"]
[Date "2022.01.22"]
[Round "2.13"]
[White "Wilks, Simon"]
[Black "Pal, Rohan"]
[Result "0-1"]
[ECO "B31"]
[WhiteElo "2092"]
[BlackElo "1817"]
[Annotator "NA"]
[PlyCount "86"]
[EventDate "2022.01.21"]
[EventType "swiss"]
[EventCountry "ENG"]
[SourceTitle "playchess.com"]
[Source "ChessBase"]
[SourceQuality "1"]
[TimeControl "5400+30"]

1. e4 c5 2. Nf3 Nc6 3. Bb5 g6 4. O-O Bg7 5. Re1 Nf6 6. e5 Nd5 7. Nc3 Nc7 8. Bxc6 dxc6 9. Ne4 Ne6 10. d3 O-O 11. Be3 b6 12. Qd2 Qc7 13. Bh6 Rd8 14. Bxg7 Kxg7 15. Qe3 h6 16. h4 Nd4 17. Nxd4 cxd4 18. Qg3 h5 19. f3 Be6 20. Re2 Rac8 21. Qg5 Qd7 22. b3 c5 23. a4 a6 24. Ng3 Rh8 $11 25. Rae1 b5 26. axb5 axb5 27. Re4 Rc6 28. Ra1 c4 29. bxc4 bxc4 30. Qf4 Rd8 31. Ne2 cxd3 32. cxd3 Qb7 33. Re1 Qb4 34. Rf1 Rc2 35. Nxd4 Rxd4 36. Rxd4 Qb2 37. Re4 Rxg2+ 38. Kh1 Bh3 39. e6 f6 40. Qc7 Kh6 41. Ree1 Rg4 42. Rg1 Bg2+ 43. Kh2 Bf1+ 0-1

[Event "27th 4NCL Congress Open 2022"]
[Site "Harrogate"]
[Date "2022.01.22"]
[Round "2.14"]
[White "Smith, Andrew Philip"]
[Black "Lampard, Alice"]
[Result "1/2-1/2"]
[ECO "B50"]
[WhiteElo "2112"]
[BlackElo "1754"]
[Annotator "NA"]
[PlyCount "73"]
[EventDate "2022.01.21"]
[EventType "swiss"]
[EventCountry "ENG"]
[SourceTitle "playchess.com"]
[Source "ChessBase"]
[SourceQuality "1"]
[TimeControl "5400+30"]

1. e4 c5 2. Nf3 Nc6 3. b3 d6 4. Bb2 Nf6 5. Nc3 e5 6. Bc4 Be7 7. h3 Bd7 8. Qe2 h6 9. Nd5 Rb8 10. c3 a6 11. O-O b5 12. Nxf6+ Bxf6 13. Bd5 O-O 14. d4 $1 exd4 15. cxd4 Re8 16. dxc5 Bxb2 (16... dxc5 $11 17. Rad1 Qe7) 17. Qxb2 dxc5 18. Rac1 Nb4 $11 19. Rfd1 Qe7 20. a3 Nxd5 21. exd5 Qd6 22. Qc3 Rbc8 23. Nd2 Re5 24. Nf1 Rxd5 25. Ne3 Rd4 26. Qa1 Be6 27. b4 Rxd1+ 28. Rxd1 Qe7 29. Qe5 Qf8 30. Rd6 c4 31. Rxa6 c3 32. Nc2 Bb3 33. Qe4 Re8 34. Qd3 Bxc2 35. Qxc2 Rc8 36. Ra7 Qe8 37. g3 1/2-1/2

[Event "27th 4NCL Congress Open 2022"]
[Site "Harrogate"]
[Date "2022.01.22"]
[Round "2.15"]
[White "Wynarczyk, Raymond"]
[Black "Eagleton, Greg T"]
[Result "1/2-1/2"]
[ECO "B51"]
[WhiteElo "1752"]
[BlackElo "2078"]
[Annotator "ChessBase"]
[PlyCount "45"]
[EventDate "2022.01.21"]
[EventType "swiss"]
[EventCountry "ENG"]
[SourceTitle "playchess.com"]
[Source "ChessBase"]
[SourceQuality "1"]
[TimeControl "5400+30"]

1. e4 c5 2. Nf3 d6 3. Bb5+ Nd7 4. d4 cxd4 5. Qxd4 a6 6. Bxd7+ Bxd7 7. Nc3 e5 8. Qd3 h6 9. O-O Nf6 10. h3 Be7 11. Be3 O-O 12. Rfe1 b5 13. a3 Qc7 14. Nh4 Rac8 15. Nf5 Bxf5 16. exf5 d5 17. Nxd5 Nxd5 18. Qxd5 Rfd8 19. Qe4 Qxc2 20. Qg4 Rc4 21. Rac1 Qxc1 22. Rxc1 Rxg4 23. hxg4 1/2-1/2

[Event "27th 4NCL Congress Open 2022"]
[Site "Harrogate"]
[Date "2022.01.22"]
[Round "2.16"]
[White "Gardiner, Eric D"]
[Black "Sheppard, Derek Alan"]
[Result "1-0"]
[ECO "B22"]
[WhiteElo "1982"]
[BlackElo "1692"]
[Annotator "NA"]
[PlyCount "55"]
[EventDate "2022.01.21"]
[EventType "swiss"]
[EventCountry "ENG"]
[SourceTitle "playchess.com"]
[Source "ChessBase"]
[SourceQuality "1"]
[TimeControl "5400+30"]

1. e4 c5 2. c3 d5 3. exd5 Qxd5 4. d4 cxd4 5. cxd4 Nc6 6. Nf3 Bg4 7. Nc3 Qd8 8. d5 Bxf3 9. gxf3 Ne5 10. f4 Nd7 11. Bg2 Ngf6 12. Be3 g6 13. O-O Bg7 14. d6 O-O 15. f5 exd6 16. Qxd6 Ng4 17. Qg3 $11 (17. Bxb7 $2 Rb8 18. f6 Bxf6 $19) 17... gxf5 18. Bf4 ({Reject} 18. Bxb7 Nxe3 19. Qxe3 (19. fxe3 Rb8 $15) 19... Re8 $15) 18... Nge5 19. Rad1 Qf6 20. Nd5 Qa6 21. Nc7 Qf6 22. Nxa8 Rxa8 23. Rd2 Kh8 24. Rfd1 Qe7 25. Qe3 Re8 26. b3 Bf6 27. Kf1 Rd8 28. Bxe5 1-0

[Event "27th 4NCL Congress Open 2022"]
[Site "Harrogate"]
[Date "2022.01.22"]
[Round "2.17"]
[White "Hepworth, Peter"]
[Black "Longson, Sarah N"]
[Result "1/2-1/2"]
[ECO "D02"]
[WhiteElo "2007"]
[BlackElo "2036"]
[Annotator "ChessBase"]
[PlyCount "64"]
[EventDate "2022.01.21"]
[EventType "swiss"]
[EventCountry "ENG"]
[SourceTitle "playchess.com"]
[Source "ChessBase"]
[SourceQuality "1"]
[TimeControl "5400+30"]

1. Nf3 Nf6 2. d4 d5 3. Bf4 Bf5 4. e3 e6 5. Be2 Bd6 6. Bg5 h6 7. Bh4 Nbd7 8. Nbd2 c6 9. O-O O-O 10. c4 Qe7 11. a3 e5 12. c5 Bc7 13. b4 Rfe8 14. Rc1 g5 15. Bg3 Ne4 16. dxe5 Nxg3 17. hxg3 Nxe5 18. Nb3 Ng4 19. Nfd4 Nxe3 20. Nxf5 Nxf5 21. Bd3 Nxg3 22. fxg3 Qe3+ 23. Kh1 Qxg3 24. Qh5 Bf4 25. Rf3 Re1+ 26. Rxe1 Qxe1+ 27. Bf1 Re8 28. g3 Re3 29. gxf4 Rxb3 30. Rxb3 Qxf1+ 31. Kh2 Qf2+ 32. Kh3 Qf1+ 1/2-1/2

[Event "27th 4NCL Congress Open 2022"]
[Site "Harrogate"]
[Date "2022.01.22"]
[Round "2.18"]
[White "Ther, Mate"]
[Black "Fathallah, Joe"]
[Result "1-0"]
[ECO "C04"]
[WhiteElo "2031"]
[BlackElo "1882"]
[Annotator "ChessBase"]
[PlyCount "75"]
[EventDate "2022.01.21"]
[EventType "swiss"]
[EventCountry "ENG"]
[SourceTitle "playchess.com"]
[Source "ChessBase"]
[SourceQuality "1"]
[TimeControl "5400+30"]

1. e4 e6 2. d4 d5 3. Nd2 Nc6 4. Ngf3 Nf6 5. e5 Nd7 6. Bd3 f6 7. Ng5 fxg5 8. Qh5+ g6 9. Bxg6+ hxg6 10. Qxg6+ Ke7 11. Ne4 Bh6 12. Bxg5+ Bxg5 13. Qg7+ Ke8 14. Qxh8+ Nf8 15. Qh5+ Kd7 16. Nc5+ Ke7 17. Qxg5+ Kf7 18. Qxd8 Nxd8 19. h4 b6 20. Nd3 Ba6 21. g4 Nc6 22. Kd2 Nxd4 23. Rh3 Ng6 24. f4 Kg7 25. h5 Rh8 26. Rah1 Bxd3 27. Rxd3 c5 28. c3 Ne2 29. Rf1 Ngxf4 30. Re3 Kh6 31. Rxe2 Nxe2 32. Rf6+ Kg5 33. Rg6+ Kf4 34. Kxe2 Kxe5 35. h6 Kf4 36. g5 Kf5 37. Rg7 e5 38. h7 1-0

[Event "27th 4NCL Congress Open 2022"]
[Site "Harrogate"]
[Date "2022.01.22"]
[Round "2.19"]
[White "Stokes, Michael"]
[Black "Brencher, Paul"]
[Result "0-1"]
[ECO "B07"]
[WhiteElo "2071"]
[BlackElo "1875"]
[Annotator "ChessBase"]
[PlyCount "106"]
[EventDate "2022.01.21"]
[EventType "swiss"]
[EventCountry "ENG"]
[SourceTitle "playchess.com"]
[Source "ChessBase"]
[SourceQuality "1"]
[TimeControl "5400+30"]

1. e4 d6 2. d4 Nf6 3. Nc3 c6 4. f4 Qa5 5. Bd3 e5 6. Nf3 exd4 7. Nxd4 g6 8. O-O Bg7 9. Kh1 O-O 10. Be2 Nbd7 11. Nb3 Qc7 12. Be3 b5 13. Bf3 Bb7 14. Qd3 Rad8 15. Rad1 Nb6 16. Nd2 b4 17. Bxb6 axb6 18. Ne2 b5 19. Qb3 c5 20. Ng3 Rfe8 21. f5 d5 22. fxg6 hxg6 23. Qe3 Nxe4 24. Ndxe4 dxe4 25. Rxd8 Qxd8 26. Bg4 Qe7 27. Be2 Bc6 28. Qb3 c4 29. Qe3 Bxb2 30. Bg4 Bg7 31. Ne2 Bd7 32. Bxd7 Qxd7 33. Qc5 Bf8 34. Qg5 Bg7 35. h4 Re5 36. Qg3 Rf5 37. Nf4 Be5 38. Qe3 Bxf4 39. Rxf4 Rxf4 40. Qxf4 Qd1+ 41. Kh2 Qxc2 42. Qb8+ Kh7 43. Qe8 Qf2 44. Qxe4 Qf5 45. Qe2 c3 46. g4 Qf4+ 47. Kh3 Qc4 48. Qc2 Qd4 49. h5 Qe3+ 50. Kh4 Kg7 51. h6+ Kxh6 52. g5+ Qxg5+ 53. Kh3 Qf5+ 0-1

[Event "27th 4NCL Congress Open 2022"]
[Site "Harrogate"]
[Date "2022.01.22"]
[Round "2.21"]
[White "Pink, Joshua"]
[Black "De Sousa Muachikape, Jael"]
[Result "1-0"]
[ECO "B12"]
[WhiteElo "1939"]
[BlackElo "1841"]
[Annotator "ChessBase"]
[PlyCount "39"]
[EventDate "2022.01.21"]
[EventType "swiss"]
[EventCountry "ENG"]
[SourceTitle "playchess.com"]
[Source "ChessBase"]
[SourceQuality "1"]
[TimeControl "5400+30"]

1. e4 c6 2. d4 d5 3. e5 Bf5 4. Nc3 e6 5. g4 Bg6 6. Nge2 c5 7. h4 f6 8. h5 Bf7 9. f4 cxd4 10. Nxd4 fxe5 11. Bb5+ Nd7 12. fxe5 Bb4 13. O-O Qh4 14. Bxd7+ Kxd7 15. Rxf7+ Ne7 16. Qf3 Qe1+ 17. Kg2 Rhf8 18. Rxf8 Rxf8 19. Qxf8 Nf5 20. Qf7+ 1-0